[Event "*** SCC Grand Prix: Titled Tuesday Blitz"]
[Site "Chess.com"]
[Date "2020.08.11"]
[Round "4"]
[White "GM_dmitrij"]
[Black "Grandelicious"]
[Result "1-0"]
[WhiteElo "2936"]
[BlackElo "2763"]
[TimeControl "180+1"]
[EndTime "10:40:54 PDT"]
[Termination "GM_dmitrij won on time"]

1. e4 c6 2. Nf3 d5 3. Nc3 Bg4 4.
h3 Bxf3 5. Qxf3 e6 6. Be2 Bc5 7.
O-O Nd7 8. Rd1 Bd4 9. Qf4 Ne7 10.
exd5 Be5 11. Qg4 cxd5 12. d4 Bf6 13. Bd3 O-O 14. Ne2 e5 15. dxe5 Nxe5 16. Qg3 N7g6 17. Bxg6 Nxg6 18. c3 Re8 19. Be3 Qa5 20. Nd4 Rad8 21.
Rd2 Ne5 22. Nb3 Qa6 23. Bd4 Nc4 24. Rc2 Bxd4 25. Nxd4 Qf6 26. b3 Nd6 27. Qf3 Qxf3 28. Nxf3 Ne4 29. Rd1 Rc8 30. Rd3 g6 31. Nd4 a6 32. f3 Nc5 33. Rd1 Ne6 34. Ne2 Rc5 35. Kf2 Nc7 36. Rcd2 Kg7 37. Rd3 Re6 38. Nf4 Rec6 39.
Ne2 Nb5 40. Rc1 h5 41. a4 Nc7 42. b4 Rc4 43. Ke3 Re6+ 44. Kd2 h4 45. Nd4 Re7 46. Re1 Rxe1 47. Kxe1 a5 48. Nc2 axb4 49. Nxb4 d4 50. Rxd4 Rxc3 51. Rd7 Rc4 52. Nd3 Ne6 53. Rxf7+ Kxf7 54. Ne5+ Kf6 55. Nxc4 Nc5 56. a5 Ke6 57. Kd2 Kd5 58. Kc3 g5 59. Ne3+ Kc6 60. Kc4 Ne6 61. Nd5 Ng7 62. Nb4+ Kd6 63. Kb5 Ne6 64. Kb6 Nf4 65.
Kxb7 Nxg2 66. a6 g4 67. fxg4 Nf4 68. a7 1-0

[Event "*** SCC Grand Prix: Titled Tuesday Blitz"]
[Site "Chess.com"]
[Date "2020.08.11"]
[Round "4"]
[White "Ze-Pequeno"]
[Black "hellokostya"]
[Result "1-0"]
[WhiteElo "2165"]
[BlackElo "2383"]
[TimeControl "180+1"]
[EndTime "10:40:54 PDT"]
[Termination "Ze-Pequeno won by resignation"]

1. e4 Nc6 2. Nf3 d6 3. d4 Nf6 4.
d5 Nb8 5. Nc3 g6 6. h3 Bg7 7.
Be3 O-O 8. Qd2 c6 9. dxc6 bxc6 10. Be2 Ba6 11. Bxa6 Nxa6 12. O-O Nd7 13. Bd4 Qc7 14.
Bxg7 Kxg7 15. Rfe1 Rab8 16. b3 Qa5 17. Rad1 Nac5 18.
a4 Qb4 19. e5 d5 20. Nd4 Qb6 21. e6 fxe6 22. Nxe6+ Nxe6 23. Rxe6 Rf7 24. Nxd5 Qc5 25. Qc3+ Qxc3 26. Nxc3 Rb7 27. Rxc6 Ne5 28. Re6 Nd7 29. Nd5 Nc5 30. Re3 e6 31. Nc3 Rbc7 32. Rd2 a6 33.
Ne4 Nxe4 34. Rxe4 Rc6 35. Rde2 Kf6 36. Rf4+ Ke7 37. Rxf7+ Kxf7 38. Rd2 Ke7 39. f4 h5 40. Kf2 Rc3 41. Ke2 Rg3 42. Kf2 Rc3 43. Ke2 Rg3 44. Kd1 Rc3 45. Rd3 Rc5 46. c4 h4 47. Ke2 Rf5 48. Ke3 a5 49. Rd4 Rc5 50. Re4 Rc8 51. Re5 Rb8 52. Rb5 Ra8 53. Ke4 Kf6 54. c5 Ra6 55. Rb6 Ra8 56. c6 Rc8 57. Kd4 Kf5 58. Ke3 e5 59. Rb5 Rxc6 60. Rxe5+ Kf6 61. Rb5 Rc3+ 62.
Ke4 Rc2 63. Kf3 Rc3+ 64. Kg4 Rg3+ 65. Kxh4 Rxg2 66. Rxa5 Kg7 67. Ra6 Kf7 68. b4 Kg7 69.
b5 Rb2 70. Kg4 Rb3 71. h4 Rb1 72. b6 Rg1+ 73. Kf3 Rb1 74. Ra7+ Kf6 75. b7 Kf5 76. Ra5+ Kf6 77. Rb5 1-0

[Event "*** SCC Grand Prix: Titled Tuesday Blitz"]
[Site "Chess.com"]
[Date "2020.08.11"]
[Round "4"]
[White "mjray79"]
[Black "Heineccius"]
[Result "0-1"]
[WhiteElo "2368"]
[BlackElo "2612"]
[TimeControl "180+1"]
[EndTime "10:40:55 PDT"]
[Termination "Heineccius won on time"]

1. d4 Nf6 2. c4 e6 3. g3 d5 4.
Bg2 Be7 5. Nf3 O-O 6. O-O dxc4 7. Qc2 a6 8. a4 Bd7 9. Qxc4 Bc6 10. Bg5 Bd5 11. Qc2 Be4 12. Qd2 Nbd7 13. Nc3 Bc6 14. Rfe1 Ne4 15. Nxe4 Bxe4 16. Bxe7 Qxe7 17. Qf4 Nf6 18.
Rac1 c6 19. Nd2 Bxg2 20. Kxg2 Qb4 21. Rc4 Qxb2 22. Rb1 Qa2 23. e4 Nxe4 24. Qxe4 Qxd2 25. Rxb7 Rad8 26. Rc7 a5 27. R7xc6 Rd7 28. Rc8 Rdd8 29. R8c7 Rb8 30. Rc2 Qb4 31. R7c4 Qd6 32. Rc6 Qd7 33. R2c4 Rb2 34. R6c5 Rb4 35. Rxb4 axb4 36. Rb5 b3 37. Qd3 b2 38. Rxb2 Qxa4 39. d5 Qd7 40. d6 Rd8 41. Rc2 h6 42. Rd2 Qc6+ 43. f3 Rd7 44. Qd4 f6 45. Qd3 Kf7 46. Qd4 e5 47.
Qd3 Qc5 48. Qb3+ Kg6 49. Qe6 Qc6 50. h4 h5 51. g4 hxg4 52. Qxg4+ Kf7 53. Qh5+ Kf8 54.
Qh8+ Kf7 55. Qh5+ Ke6 56. Qe8+ Kf5 57. Qh5+ g5 58. Qg4+ Kg6 59. hxg5 f5 60. Qh4 Rh7 61. Qb4 Qd7 62. Qc4 Kxg5 63. Qd5 Kf6 0-1

[Event "*** SCC Grand Prix: Titled Tuesday Blitz"]
[Site "Chess.com"]
[Date "2020.08.11"]
[Round "4"]
[White "Bigfish1995"]
[Black "pedromartinez91"]
[Result "1-0"]
[WhiteElo "2967"]
[BlackElo "2561"]
[TimeControl "180+1"]
[EndTime "10:40:56 PDT"]
[Termination "Bigfish1995 won by resignation"]

1. d4 d5 2. c4 Bf5 3. cxd5 Bxb1 4. Qa4+ c6 5. Rxb1 Qxd5 6. Nf3 Nd7 7. e3 Ngf6 8. Be2 Nb6 9. Qb3 Qxb3 10. axb3 e6 11. O-O Bb4 12. Ne5 O-O 13. Nd3 Be7 14. Ra1 Nbd7 15.
b4 Bd6 16. f4 a6 17. Bf3 Nd5 18. Bd2 f5 19. Nc5 Bxc5 20. bxc5 N7f6 21. Kf2 Ne4+ 22.
Ke2 Nc7 23. Ba5 Nb5 24. Kd3 Nf6 25. h3 Nd5 26. g4 g6 27. Rg1 Kf7 28. h4 Rg8 29.
Rg2 Nf6 30. g5 Nh5 31. Kc4 Rge8 32. Rh1 Re7 33. Rh3 Rd7 34. Rd2 Re8 35. Rd3 Rd5 36.
Bxd5 exd5+ 37. Kb3 Ke7 38. Bd2 Kd7 39. Kb4 Kc8 40.
Ka5 Re4 41. Rb3 Re8 42. Rh1 Kb8 43. Ra1 Ng3 44. Be1 Nh5 45. Kb6 Ng7 46. Bg3 Re6 47. Bf2 Nh5 48. Ka5 Ng7 49. h5 Nxh5 50. Rh1 Nc7 51.
Rd3 Nb5 52. Rdd1 Ka7 53. Rh3 Nc7 54. Rdh1 Re7 55. Rxh5 gxh5 56. Rxh5 Ne8 57. Rh6 Rf7 58. Re6 Nc7 59. Rh6 Nb5 60. Kb4 Nc7 61. Kc3 Kb8 62. Kd3 Kc8 63. Bh4 Kd7 64. Rd6+ Kc8 65. g6 Rf8 66. gxh7 Rh8 67. Rd8+ Rxd8 68. Bxd8 1-0

[Event "*** SCC Grand Prix: Titled Tuesday Blitz"]
[Site "Chess.com"]
[Date "2020.08.11"]
[Round "4"]
[White "NoboaKevin1999"]
[Black "Matols"]
[Result "1/2-1/2"]
[WhiteElo "2409"]
[BlackElo "2212"]
[TimeControl "180+1"]
[EndTime "10:40:56 PDT"]
[Termination "Game drawn - insufficient material"]

1. d4 Nf6 2. c4 e6 3. Nc3 Bb4 4.
e3 O-O 5. Bd3 c5 6. Ne2 d5 7. a3 Bxc3+ 8. bxc3 Nc6 9. cxd5 exd5 10. O-O b6 11. Ng3 Re8 12. f3 Na5 13. Ra2 Be6 14.
Re2 cxd4 15. cxd4 Nc4 16. Kh1 Rc8 17. Bb1 Qe7 18. e4 Nxa3 19. Bg5 Nxb1 20. Qxb1 h6 21. exd5 hxg5 22. dxe6 fxe6 23. Qg6 Nd5 24. Nf5 Qf6 25. Qxf6 gxf6 26. Nd6 Nf4 27. Ra2 a5 28. Nxe8 Rxe8 29.
Rb1 Nd5 30. Rab2 Kf7 31. Kg1 Rc8 32. Kf2 Ke7 33. g3 Kd6 34. h4 gxh4 35. gxh4 Rh8 36. Rh1 Kc6 37. h5 Nf4 38. Rc2+ Kd5 39. h6 Kxd4 40.
h7 b5 41. Rc7 b4 42. Rg7 a4 43. Rg8 Rxh7 44. Rxh7 a3 45. Ra8 Kc3 46. Rha7 Kb2 47. Ke3 Nd5+ 48. Kd4 Nc3 49. Kc4 Nd5 50. Kd4 Nc3 51.
Kc4 Nd5 52. Kb5 Kb3 53. Kc5 Nc3 54. Rb7 Nd5 55. f4 a2 56. Rba7 Nc3 57. Ra6 e5 58. fxe5 fxe5 59. Rb6 Na4+ 60. Rxa4 Kxa4 61. Rxb4+ Ka3 62.
Rb8 a1=Q 63. Ra8+ Kb2 64. Rxa1 Kxa1 65. Kd5 e4 66. Kxe4 1/2-1/2

[Event "*** SCC Grand Prix: Titled Tuesday Blitz"]
[Site "Chess.com"]
[Date "2020.08.11"]
[Round "4"]
[White "Morshynska"]
[Black "Alliswell998"]
[Result "0-1"]
[WhiteElo "2170"]
[BlackElo "2570"]
[TimeControl "180+1"]
[EndTime "10:40:56 PDT"]
[Termination "Alliswell998 won by resignation"]

1. e4 c5 2. Nf3 d6 3. Bb5+ Bd7 4. Bxd7+ Nxd7 5. c4 g6 6. Nc3 Bg7 7. O-O Ngf6 8. d4 cxd4 9. Nxd4 Rc8 10. b3 O-O 11. Bb2 a6 12. a4 Nc5 13. Re1 e6 14. a5 Qc7 15. Qc2 Qb8 16. Rad1 Rfd8 17. Nf3 Qc7 18. Ra1 h6 19. h3 Ncd7 20. Qe2 Qb8 21. Na4 Kh7 22. e5 dxe5 23. Nxe5 Nxe5 24. Bxe5 Qa7 25. Nb6 Rc5 26. b4 Rc6 27. Rad1 Rxd1 28. Rxd1 h5 29. Rd8 Rxb6 30. axb6 Qxb6 31. Rd3 Qxb4 32. Rf3 Qe7 33. c5 Nd5 34. Bxg7 Kxg7 35. Qe5+ Kh7 36. Qd6 Kg7 37. Qxe7 Nxe7 38. Rd3 Kf6 39.
Rd7 Nc6 40. Rxb7 Ke5 41. Rb6 Kd5 42. Rxa6 Kxc5 43. Ra8 Kd6 44. Rf8 Ke7 45. Rc8 Ne5 46.
f3 h4 47. Kf2 Kf6 48. f4 Nd7 49. Kf3 Nb6 50. Rc6 Nd5 51. Kg4 Ne3+ 52. Kf3 Nd5 53. Ra6 Kf5 54. Ra7 f6 55. Ra4 Nc3 56. Rc4 Nd5 57. Rd4 g5 58. fxg5 fxg5 59. Re4 Nf6 60. Rb4 e5 61. Rb5 Ke6 62. Ke3 Nd5+ 63. Ke4 Nc3+ 64. Kf3 Nxb5 65. Kg4 Kf6 66. g3 hxg3 67. Kxg3 Nd6 68. h4 gxh4+ 69. Kxh4 Kf5 70. Kg3 Ke4 71. Kf2 Kd3 72. Ke1 Ke3 73. Kd1 Kf2 0-1

[Event "*** SCC Grand Prix: Titled Tuesday Blitz"]
[Site "Chess.com"]
[Date "2020.08.11"]
[Round "4"]
[White "Schandenfreude"]
[Black "ItsCheckM8Mate"]
[Result "1-0"]
[WhiteElo "2549"]
[BlackElo "2311"]
[TimeControl "180+1"]
[EndTime "10:40:58 PDT"]
[Termination "Schandenfreude won by resignation"]

1. d4 Nf6 2. Bf4 g6 3. e3 Bg7 4. Nf3 O-O 5. h3 d6 6. Be2 Nbd7 7. O-O c5 8. c3 Qb6 9. Qb3 Re8 10. Nbd2 Qxb3 11. axb3 a6 12. Bh2 cxd4 13. exd4 Nb6 14. Rfe1 Be6 15. Ng5 Bd5 16. Bf3 Bxf3 17. Ngxf3 Rac8 18. Ra5 d5 19. Rc5 e6 20. Ne5 Rxc5 21. dxc5 Nbd7 22.
b4 Nxe5 23. Bxe5 Nd7 24. Bxg7 Kxg7 25. Ra1 e5 26. Nb3 Nf6 27. Na5 Rb8 28. Re1 Nd7 29. Rd1 Nf6 30. c6 bxc6 31. Nxc6 Re8 32. Re1 Nd7 33. Ra1 Nb8 34. Nxb8 Rxb8 35. Rxa6 d4 36. Rd6 f5 37. f3 dxc3 38. bxc3 Rc8 39. Rd3 Kf6 40. Kf2 e4 41. fxe4 fxe4 42. Re3 Ke5 43. Ke2 g5 44. Kd2 Kf4 45. g3+ Ke5 46. Kc2 Rf8 47.
b5 Rf2+ 48. Kb3 Rf3 49. Re1 Kd5 50. Kb4 Rxg3 51. c4+ Kd6 52. Rxe4 Rxh3 53. c5+ Kd5 54. c6 Kxe4 55. c7 g4 56. c8=Q Kf3 57. Qf5+ Kg3 58. b6 Rh1 59. b7 Rh2 60. Qe5+ Kh3 61. b8=Q 1-0

[Event "*** SCC Grand Prix: Titled Tuesday Blitz"]
[Site "Chess.com"]
[Date "2020.08.11"]
[Round "4"]
[White "JesseKraai"]
[Black "Andreikka"]
[Result "0-1"]
[WhiteElo "2539"]
[BlackElo "2835"]
[TimeControl "180+1"]
[EndTime "10:41:00 PDT"]
[Termination "Andreikka won by resignation"]

1. Nf3 d5 2. c4 e6 3. g3 Nf6 4.
Bg2 dxc4 5. Qa4+ Nbd7 6. Qxc4 a6 7. Qb3 c5 8. O-O Rb8 9. Nc3 b5 10. d4 Bb7 11. Bf4 Rc8 12. Rfd1 Qb6 13. Be3 Ng4 14. d5 Nxe3 15. dxe6 fxe6 16. fxe3 Be7 17. Qc2 c4 18. Kh1 Nf6 19. Nd4 Bxg2+ 20. Kxg2 O-O 21. Kg1 Ng4 22. Qe4 Nf2 23. Qxe6+ Qxe6 24. Nxe6 Nxd1 25. Rxd1 Rf6 26. Nd4 Bc5 27. Ne4 Bxd4 28. Rxd4 Re6 29. Kg2 Rce8 30.
Kf3 h6 31. h4 Rf8+ 32. Kg2 Kh7 33.
g4 Rc8 34. Kf3 b4 35. Nd6 Rf8+ 36. Nf5 c3 37. bxc3 bxc3 38. h5 Rc6 39. Rd1 Rd8 40.
Rc1 Rd2 41. a3 c2 42. Nd4 Rc3 43. Ke4 Rxa3 44. Rxc2 Rxc2 45. Nxc2 Ra2 46. Nd4 a5 47. Kd5 a4 48. Kc4 Rb2 49. Kc3 a3 50. Nc2 Kg8 51.
Nxa3 Rxe2 52. Nc4 Rg2 53. Ne5 Kf8 54. Kd4 Ke7 55. Ke4 Ke6 56. Kf4 Rf2+ 57. Nf3 Kd5 58.
e4+ Ke6 59. Ke3 Ra2 60. Kf4 Ra4 61. Nd2 Kd6 62. Nb3 Rb4 63. Nd2 Kc5 64. Nf3 Kc4 65. Kf5 Kd3 66. Ne5+ Ke3 67. g5 hxg5 68. Ng4+ Kf3 69.
Ne5+ Kg3 70. Kxg5 Rxe4 71. Nc6 Rg4+ 72. Kf5 Kh4 73. Ne5 Rg5+ 74. Kf4 Rxe5 75. Kxe5 Kxh5 76. Kf4 Kh4 77. Kf5 g5 0-1

[Event "*** SCC Grand Prix: Titled Tuesday Blitz"]
[Site "Chess.com"]
[Date "2020.08.11"]
[Round "4"]
[White "Volodar_Murzin"]
[Black "Lion-Al-Messi"]
[Result "1-0"]
[WhiteElo "2692"]
[BlackElo "2496"]
[TimeControl "180+1"]
[EndTime "10:41:00 PDT"]
[Termination "Volodar_Murzin won by resignation"]

1. e4 e6 2. d4 d5 3. exd5 exd5 4. Nf3 Bg4 5. h3 Bh5 6. Bd3 Bd6 7. O-O Ne7 8. c3 Nbc6 9. Nbd2 Qd7 10. b4 Bg6 11. Qc2 O-O 12. a4 Bxd3 13. Qxd3 Qf5 14. Qxf5 Nxf5 15. Nb3 b6 16. Bd2 Rfe8 17. Rfe1 Bf8 18. Kf1 Nd6 19. b5 Ne7 20. Bf4 Nec8 21. Rxe8 Nxe8 22. Ne5 Ncd6 23. Nc6 a6 24. bxa6 Rxa6 25.
Nb4 Ra7 26. Nxd5 Nc4 27. Re1 Ned6 28. Bxd6 Nxd6 29. Ra1 Nc4 30. Ne3 Nd6 31. f3 Nb7 32. Ke2 f6 33. Kd3 Kf7 34. g4 Ke6 35. h4 g6 36. Nc4 Kd7 37. Ncd2 Be7 38. h5 gxh5 39. gxh5 Ke6 40. Ne4 Kf7 41. Ng3 Bf8 42. Nf5 Ke6 43. Ne3 Bh6 44. Nc4 Kf7 45. a5 bxa5 46. Ncxa5 Nxa5 47. Rxa5 Rb7 48. Kc4 Bf4 49. Ra8 Kg7 50. Nc5 Rb6 51. Kd5 Rd6+ 52. Ke4 Bg3 53. Rc8 Kh6 54. Rxc7 f5+ 55. Kxf5 Rd5+ 56. Ke4 Rxd4+ 57. cxd4 Bxc7 58.
Ne6 Bd6 59. f4 Kxh5 60. f5 Kh6 61. d5 Kh5 62. Kf3 Be5 63. Nf8 h6 64. Nh7 Bd6 65. Nf6+ Kh4 66. Ne4 Bf8 67. d6 Kh5 68. d7 Be7 69. f6 1-0

[Event "*** SCC Grand Prix: Titled Tuesday Blitz"]
[Site "Chess.com"]
[Date "2020.08.11"]
[Round "4"]
[White "guillembaches"]
[Black "Zarinur"]
[Result "1-0"]
[WhiteElo "2403"]
[BlackElo "2161"]
[TimeControl "180+1"]
[EndTime "10:41:00 PDT"]
[Termination "guillembaches won on time"]

1. e4 e5 2. Nf3 Nc6 3. Nc3 Nf6 4.
d4 exd4 5. Nxd4 Bb4 6. Nxc6 bxc6 7. Bd3 d5 8. Bd2 O-O 9. O-O Bxc3 10. Bxc3 Nxe4 11. Bxe4 dxe4 12. Qe2 Bf5 13. Rad1 Qg5 14. Qe3 Qg6 15. Rd4 Rfe8 16. Rfd1 Bg4 17. Rd7 Bf3 18. g3 Qg4 19. Qd4 Bxd1 20. Qxd1 Qxd1+ 21. Rxd1 Rad8 22. Re1 f5 23. h4 Rd5 24. Kf1 c5 25. Ke2 h6 26.
Ke3 g5 27. hxg5 hxg5 28. Rh1 Kf7 29. Rh7+ Kg6 30. Rxc7 Kh5 31. Rxa7 Kg4 32. Rg7 Re6 33.
a4 c4 34. a5 Red6 35. Bb4 Rd7 36. Rg8 Rd1 37. a6 Ra1 38. Rg6 Kh5 39. Rc6 Kg4 40.
Rxc4 Rxa6 41. Bc3 Rad6 42. Rc8 Rd1 43. Rg8 Rc1 44. Bf6 Rxc2 45. Rxg5+ Kh3 46. Rxf5 Rc4 47. Bc3 Kg2 48. Rf4 Rd3+ 49. Ke2 Rc6 50. Rxe4 Rcd6 51. Re3 Rxe3+ 52. Kxe3 Rc6 53. g4 Rc8 54. g5 Kh3 55. f4 Kg4 56. Be5 Re8 57. Ke4 Rc8 58.
g6 Kh5 59. g7 Kg6 60. Kd5 Kf7 61. b4 1-0

[Event "*** SCC Grand Prix: Titled Tuesday Blitz"]
[Site "Chess.com"]
[Date "2020.08.11"]
[Round "4"]
[White "TokChess"]
[Black "GalperinPlaton"]
[Result "0-1"]
[WhiteElo "2390"]
[BlackElo "2613"]
[TimeControl "180+1"]
[EndTime "10:41:01 PDT"]
[Termination "GalperinPlaton won on time"]

1. Nf3 Nf6 2. g3 g6 3. Bg2 Bg7 4. O-O O-O 5. c4 d6 6. Nc3 Nc6 7. d4 e5 8. dxe5 dxe5 9. Bg5 Be6 10. Nd2 h6 11. Bxf6 Qxf6 12. Nde4 Qe7 13. Nd5 Bxd5 14.
cxd5 Nd4 15. e3 Nf5 16. Qc2 Rac8 17. Rac1 c6 18. Rfd1 Rfd8 19. Qb3 cxd5 20. Rxc8 Rxc8 21. Qxd5 Kh7 22. Bh3 Rc2 23. Bxf5 gxf5 24. Nd6 Qf6 25. Qd3 Rxb2 26. Nxf5 Qg6 27. a4 Ra2 28. Qe4 Qc6 29.
Qxc6 bxc6 30. Rd7 Rxa4 31. Rc7 a5 32. Rxc6 Bf8 33. Kg2 Rg4 34. Ra6 a4 35. Kf3 Rb4 36.
g4 Rc4 37. h4 a3 38. h5 Rc2 39.
Ra7 a2 40. Rxf7+ Kg8 41. Ra7 Rd2 42. Kg3 Bb4 43. Nxh6+ Kf8 44. Nf5 Bc3 45. h6 a1=Q 46. Rxa1 Bxa1 47. e4 Kg8 48. g5 Rd3+ 49. f3 Kh7 50. Kg4 Bd4 51. Kh5 Rxf3 52. g6+ Kh8 53. Kg5 Be3+ 54. Kf6 Bxh6 55. Kf7 Bg7 56. Ke6 Rf4 57. Kf7 Rxe4 58. Nxg7 Rf4+ 59. Ke6 Kxg7 60. Kxe5 Rf1 61. Ke4 Kxg6 0-1

[Event "*** SCC Grand Prix: Titled Tuesday Blitz"]
[Site "Chess.com"]
[Date "2020.08.11"]
[Round "4"]
[White "chesslh19"]
[Black "Jovidon91"]
[Result "0-1"]
[WhiteElo "2174"]
[BlackElo "2440"]
[TimeControl "180+1"]
[EndTime "10:41:01 PDT"]
[Termination "Jovidon91 won on time"]

1. e4 c5 2. Nf3 e6 3. d4 cxd4 4.
Nxd4 Nc6 5. Nb5 d6 6. c4 a6 7. Nd4 Qb6 8. Nc2 Nf6 9. Be2 Be7 10. Nc3 O-O 11. O-O Qc7 12. Be3 b6 13. Nd4 Bb7 14. Nxc6 Bxc6 15. f3 Rac8 16. Rc1 Qb7 17. b4 Rfd8 18.
Qb3 d5 19. cxd5 exd5 20. exd5 Nxd5 21. Nxd5 Bxd5 22. Qa4 b5 23. Qa5 Bf6 24. Qb6 Qxb6 25. Bxb6 Re8 26. Bd3 g6 27. a3 Rxc1 28. Rxc1 Bb2 29. Rd1 Bb7 30. Be4 Bxe4 31. fxe4 Rxe4 32. Bc5 h5 33. Rd8+ Kg7 34. Ra8 Re6 35. Kf2 g5 36. h3 h4 37. Rd8 Bxa3 38. Rd3 Bb2 39. Rb3 Ba1 40. Ra3 Bf6 41. Ra2 Kg6 42. g4 hxg3+ 43. Kxg3 Be5+ 44. Kg2 f5 45. Rd2 f4 46. Kf3 Kf5 47. Rd8 Bf6 48. Rd5+ Re5 49. Rd6 Re1 50.
Rxa6 Rf1+ 51. Kg2 Rb1 52. Rb6 Rb2+ 53. Kf3 Rb3+ 54. Kg2 Rg3+ 55. Kf2 Rxh3 56. Rxb5 Kg4 57. Bd6 Rh2+ 58. Kg1 Rd2 59. Bc7 Bd4+ 60. Kf1 Kf3 61.
Ke1 Re2+ 62. Kd1 g4 63. Bxf4 Ra2 64. Bc7 Be3 0-1

[Event "*** SCC Grand Prix: Titled Tuesday Blitz"]
[Site "Chess.com"]
[Date "2020.08.11"]
[Round "4"]
[White "hansen"]
[Black "Bulldog167"]
[Result "1/2-1/2"]
[WhiteElo "2925"]
[BlackElo "2719"]
[TimeControl "180+1"]
[EndTime "10:41:02 PDT"]
[Termination "Game drawn - insufficient material"]

1. e4 e6 2. Nc3 d5 3. d4 Bb4 4.
exd5 exd5 5. Bd3 Nc6 6. a3 Bxc3+ 7. bxc3 Nge7 8. Qf3 Be6 9. Ne2 Qd7 10. Rb1 O-O-O 11.
h3 Bf5 12. a4 Bxd3 13. cxd3 Qf5 14. Qg3 Qg6 15. Qg4+ Kb8 16. Nf4 Qf5 17. Be3 g5 18. Qxf5 Nxf5 19. Nh5 Rhe8 20. Kd2 h6 21. g4 Nh4 22. Rbf1 Re6 23. Ng7 Rg6 24. Nf5 Nxf5 25. gxf5 Rgg8 26. f4 f6 27. fxg5 hxg5 28. Bf2 Rdf8 29.
c4 Kc8 30. Kc3 Rd8 31. Re1 Rd7 32. Re6 Rf8 33. h4 Nd8 34. Re2 Nf7 35. hxg5 fxg5 36. Bg3 dxc4 37. dxc4 Nd6 38. Bxd6 Rxd6 39. Re5 Rdf6 40.
Rf1 g4 41. Kd3 g3 42. Ke4 g2 43. Rg1 Rg8 44. Kf3 Rg5 45. Kf4 Rg8 46. c5 Kd7 47. d5 b6 48. c6+ Kd6 49. Re6+ Rxe6 50. dxe6 a6 51. Ke4 b5 52. axb5 axb5 53. Kf3 Ke5 54.
Rxg2 Rf8 55. Rg5 b4 56. Ke3 b3 57. Kd3 Kf4 58. Rh5 Rb8 59. e7 b2 60. Rh1 Kxf5 61.
Re1 Re8 62. Kc2 Kf6 63. Kxb2 Rxe7 64. Rc1 Ke5 65. Kb3 Kd5 66. Kb4 Re2 67. Kb5 Rb2+ 68. Ka5 Kd6 69. Rd1+ Kxc6 70. Rc1+ Kb7 71. Ka4 Rb6 72.
Ka3 Rb5 73. Ka4 Kb6 74. Rxc7 Ra5+ 75. Kb4 Rb5+ 76. Kc4 Kxc7 77. Kxb5 1/2-1/2

[Event "*** SCC Grand Prix: Titled Tuesday Blitz"]
[Site "Chess.com"]
[Date "2020.08.11"]
[Round "4"]
[White "Khvicha_Supatashvili"]
[Black "Fischerev7"]
[Result "1-0"]
[WhiteElo "2715"]
[BlackElo "2415"]
[TimeControl "180+1"]
[EndTime "10:41:03 PDT"]
[Termination "Khvicha_Supatashvili won by resignation"]

1. d4 Nf6 2. Nf3 e6 3. c4 b6 4. e3 Ba6 5. Bd3 Bb4+ 6. Nbd2 O-O 7. O-O d5 8. Qc2 Bxd2 9. Bxd2 Bxc4 10. Bxc4 dxc4 11. Qxc4 Nbd7 12. Qc6 Rc8 13. Rac1 h6 14. Rc2 Nb8 15. Qb7 a5 16. Rfc1 Ne8 17. Ne5 f6 18. Ng6 Rf7 19. Qe4 Qd5 20. Qxd5 exd5 21. h4 Rd8 22. f3 Rfd7 23. Be1 c6 24. Bg3 Nd6 25. Bf4 Kf7 26. h5 Re8 27. Kf2 Red8 28. g4 Re8 29. b3 Red8 30. a4 Re8 31. Bg3 Red8 32. Nh4 Re8 33. Bf4 Re6 34. Nf5 Nxf5 35. gxf5 Re8 36.
Bxb8 Rxb8 37. Rxc6 Re7 38. R1c3 b5 39. axb5 Rxb5 40.
R6c5 Rxc5 41. Rxc5 Rb7 42. Rxa5 Rxb3 43. Rxd5 Rb2+ 44. Kg3 Re2 45. e4 Re1 46. Rd7+ Kf8 47. Kf4 Rh1 48. e5 fxe5+ 49. dxe5 Rxh5 50. e6 Rh4+ 51.
Ke5 Rh1 52. Rf7+ Kg8 53. Ra7 Kf8 54. Kf4 Rg1 55. Ra8+ Ke7 56. Ra7+ Kf8 57. f6 gxf6 58. Rf7+ Ke8 59. Rxf6 h5 60. Rh6 Rh1 61. Kf5 Ke7 62. Rh7+ Ke8 63. Kf6 Kd8 64. Rh8+ Kc7 65. e7 Re1 66. e8=Q Rxe8 67. Rxe8 h4 68. Rh8 1-0

[Event "*** SCC Grand Prix: Titled Tuesday Blitz"]
[Site "Chess.com"]
[Date "2020.08.11"]
[Round "4"]
[White "GMaka"]
[Black "Sesleria"]
[Result "1-0"]
[WhiteElo "2351"]
[BlackElo "1959"]
[TimeControl "180+1"]
[EndTime "10:41:07 PDT"]
[Termination "GMaka won on time"]

1. Nf3 Nf6 2. c4 e6 3. Nc3 d5 4. d4 c6 5. Bg5 h6 6. Bh4 dxc4 7.
e4 g5 8. Bg3 b5 9. a3 Nbd7 10.
h4 g4 11. Ne5 Qb6 12. Nxd7 Bxd7 13. Be5 Be7 14. Be2 Rg8 15. O-O O-O-O 16. g3 c5 17. a4 b4 18. a5 Qa6 19. Na4 Nxe4 20.
Qc2 Bc6 21. Bxc4 Qb7 22. a6 Qd7 23. Nxc5 Bxc5 24. dxc5 f5 25. Rfd1 Bd5 26. Bxd5 exd5 27. c6 Qe6 28. Bd4 Kc7 29. Bxa7 Ra8 30. Be3 h5 31. Bf4+ Kc8 32. c7 Rxa6 33. Rxa6 Qxa6 34. Rxd5 Qa1+ 35. Kg2 Qa8 36. Rd8+ Rxd8 37. cxd8=Q+ Kxd8 38. Qc7+ Ke8 39. Kg1 Qa1+ 40. Kh2 Qa8 41. Qe5+ Kd8 42. Qxf5 Qc6 43. Bg5+ Kc7 44. Qf7+ Kb6 45. Be3+ Kb5 46.
Qxh5+ Ka4 47. Qxg4 Kb3 48. Qd1+ Ka2 49. h5 Nf6 50. h6 Qe6 51. Kg2 Ng4 52. Qf3 Nxe3+ 53. Qxe3 Qd5+ 54. Qf3 Qg5 55. h7 Qh6 56. Qf7+ b3 57.
Qg8 Qc6+ 58. Kh2 Qh6+ 59. Kg1 Qc1+ 60. Kg2 Qc6+ 61. f3 Qc2+ 62. Kh3 Qf5+ 63. Kh4 Qf6+ 64. Kg4 Qd4+ 65. f4 Qd1+ 66. Kg5 Qg1 67. g4 Qc5+ 68.
f5 Qe3+ 69. Kh5 Qh3+ 70. Kg6 Qxg4+ 71. Kf6 Qh4+ 72. Kf7 Qh5+ 73. Qg6 1-0

[Event "*** SCC Grand Prix: Titled Tuesday Blitz"]
[Site "Chess.com"]
[Date "2020.08.11"]
[Round "4"]
[White "bugbug01052018"]
[Black "Chernobay_Artem"]
[Result "1/2-1/2"]
[WhiteElo "2177"]
[BlackElo "2492"]
[TimeControl "180+1"]
[EndTime "10:41:07 PDT"]
[Termination "Game drawn by stalemate"]

1. e4 c5 2. Nf3 d6 3. d4 cxd4 4. Nxd4 Nf6 5. Nc3 a6 6. Be3 e6 7. Be2 b5 8. a3 Bb7 9. Bf3 Nfd7 10. O-O Be7 11. Qd2 O-O 12. Rad1 Ne5 13. Be2 Qc7 14. f4 Nc4 15. Bxc4 Qxc4 16. Qe2 Rc8 17. Qg4 Nd7 18. f5 Nf6 19. Qg3 e5 20. Nb3 Nxe4 21. Nxe4 Qxe4 22. f6 Bxf6 23. Rxf6 Qxc2 24. Rfxd6 Qxb3 25. R6d3 Qxb2 26. Bh6 Qxg2+ 27. Qxg2 Bxg2 28. Rg3 Be4 29. Bxg7 Bg6 30. Bxe5 Rd8 31. Rc1 Rac8 32. Rf1 h5 33. Rf6 Rd2 34. Rf2 Rd5 35. Bc3 h4 36. Re3 Kh7 37. Rf4 Rc4 38.
Rxc4 bxc4 39. Re8 Kh6 40. Rh8+ Kg5 41. Re8 Rd3 42. Bb4 Kf4 43. Rc8 Rd4 44. Bc3 Re4 45.
Kg2 Bf5 46. Rc5 Re2+ 47. Kf1 Bd3 48. Kg1 Kf3 49. Rc7 Rc2 50. Rxf7+ Kg4 51. Bb4 c3 52. Rg7+ Kf5 53. Rc7 Rc1+ 54. Kf2 c2 55. Bd2 Rh1 56. Ke3 Be4 57. Rc5+ Kg4 58. Kxe4 Rxh2 59. Rxc2 h3 60. Ke3 Rg2 61. Rc4+ Kg3 62. Be1+ Kh2 63. Rf4 Ra2 64.
Rf2+ Rxf2 65. Kxf2 Kh1 66. Kf1 h2 67. Bd2 a5 68. Kf2 a4 69. Bf4 1/2-1/2

[Event "*** SCC Grand Prix: Titled Tuesday Blitz"]
[Site "Chess.com"]
[Date "2020.08.11"]
[Round "4"]
[White "2nd_life"]
[Black "Ermito2020"]
[Result "1-0"]
[WhiteElo "2488"]
[BlackElo "2645"]
[TimeControl "180+1"]
[EndTime "10:41:08 PDT"]
[Termination "2nd_life won by resignation"]

1. e4 c6 2. d4 d5 3. e5 Bf5 4. h4 h5 5. Bd3 Bxd3 6. Qxd3 e6 7.
Bg5 Be7 8. Nf3 Nh6 9. Bxh6 Rxh6 10. g3 Nd7 11. Nbd2 Qc7 12. b3 O-O-O 13. c4 dxc4 14. Nxc4 Nb6 15. Nxb6+ Qxb6 16. O-O Kb8 17. Qc4 Rhh8 18.
a3 Rd5 19. b4 Qc7 20. Kg2 Qd7 21.
Rfc1 f6 22. a4 g5 23. exf6 Bxf6 24. hxg5 Bxd4 25. Nxd4 Rxd4 26. Qc5 Rd5 27. Qe3 h4 28. gxh4 e5 29. Qg3 Ka8 30. Rc4 Rd3 31. Qxe5 Qh3+ 32. Kg1 Rhd8 33. Re1 Rd1 34. Re4 a6 35. b5 Rxe1+ 36.
Rxe1 Qg4+ 37. Kf1 Qxa4 38. bxc6 Qxc6 39. Kg1 Qc4 40. Qg3 Qb4 41. f3 Qc5+ 42. Qf2 Qf5 43.
Qg3 Qc5+ 44. Kg2 Rd2+ 45. Kh3 Qf5+ 46. Qg4 Qc2 47. Re8+ Ka7 48. Qg1+ b6 49. Re7+ Ka8 50. Qe3 Rh2+ 51. Kg4 Rg2+ 52. Kh5 Qc5 53. Re8+ Kb7 54. Qxc5 bxc5 55. g6 c4 56. Kh6 c3 57. Re1 c2 58.
Rc1 a5 59. g7 a4 60. Rxc2 Rxc2 61. g8=Q Rc6+ 62. Kh5 Ra6 63. Qa2 a3 64. f4 Kb6 65.
f5 Kc5 66. Kg5 Kb4 67. h5 Ra8 68. h6 Ra7 69. Kg6 Ra6+ 70. f6 Ra8 71. h7 Rh8 72. Kg7 1-0